 Dungeon Crawl Stone Soup version 0.28-a0-563-gf77a47075d (webtiles) character file.

Game seed: 13215625678584036692

23303 freelancePsychic the Cleaver (level 13, -5/94 (104) HPs)
             Began as a Formicid Hunter on Sept 29, 2021.
             Was a Follower of Uskayaw.
             Slain by a blink frog (15 damage)
             ... on level 3 of the Lair of Beasts.
             The game lasted 00:30:01 (12399 turns).

freelancePsychic the Cleaver (Formicid Hunter)     Turns: 12399, Time: 00:30:02

HP:   -5/94 (104)   AC: 12    Str: 23      XL:     13   Next: 34%
MP:   17/17         EV: 10    Int: 16 (18) God:    Uskayaw [*.....]
Gold: 1015          SH: 14    Dex: 10 (12) Spells: 9/15 levels left

rFire   + . .      SeeInvis +   a - +5 bardiche (flame)
rCold   + . .      Faith    .   B - +4 kite shield "Jyoj" {rPois Int+7}
rNeg    . . .      Spirit   .   A - +4 scale mail {rC+}
rPois   +          Reflect  .   (helmet unavailable)
rElec   .          Harm     .   z - +0 cloak
rCorr   .          Rampage  .   (no gloves)
Will    ++...                   i - +0 pair of boots
Stlth   ..........              e - amulet of regeneration
HPRegen 1.25/turn               g - ring of protection from fire
MPRegen 0.15/turn               r - ring of willpower

@: very slightly contaminated, drained, invisible
A: permanent stasis, dig shafts and tunnels, antennae 3, four strong arms,
hooves 1, deterioration 1, robust 1, strong 1
a: Dig, Shaft Self, Renounce Religion, Stomp


You were on level 3 of the Lair of Beasts.
You worshipped Uskayaw.
Uskayaw was noncommittal.
You visited 2 branches of the dungeon, and saw 14 of its levels.
You also visited: Sewer, Ossuary and Volcano.

You collected 1015 gold pieces.

Inventory:

Hand Weapons
 a - a +5 bardiche of flaming (weapon)
 j - a +1 war axe of distortion
Missiles
 h - a throwing net
 k - 5 javelins (quivered)
Armour
 i - a +0 pair of boots (worn)
 x - a +0 kite shield
 z - a +0 cloak (worn)
 A - a +4 scale mail of cold resistance (worn)
 B - the +4 kite shield "Jyoj" (worn) {rPois Int+7}
   (You acquired it on level 3 of the Lair of Beasts)

   Int:       It affects your intelligence (+7).
   rPois:     It protects you from poison.
Jewellery
 e - an amulet of regeneration (around neck)
 g - a ring of protection from fire (left hand)
 r - a ring of willpower (right hand)
Wands
 l - a wand of flame (36)
 o - a wand of acid (11)
 y - a wand of digging (11)
Scrolls
 d - a scroll of identify {@r1}
 m - a scroll of amnesia
 v - 4 scrolls of enchant armour
Potions
 c - a potion of mutation
 f - 2 potions of invisibility
 n - 2 potions of lignification
 p - a potion of brilliance
 q - 5 potions of cancellation
 s - 3 potions of might {unknown}
 t - 6 potions of haste {unknown}
 w - 3 potions of attraction {unknown}


   Skills:
 - Level 6.6 Fighting
 - Level 11.8(12.0) Axes
 - Level 3.4(8.3) Polearms
 - Level 5.2 Slings
 - Level 0.5 Armour
 - Level 1.7 Dodging
 - Level 1.2 Stealth
 - Level 9.0 Shields
 + Level 1.8 Spellcasting
 + Level 10.3 Transmutations
 + Level 11.2 Earth Magic
 - Level 5.7 Invocations
 - Level 3.9 Evocations


You had 9 spell levels left.
You knew the following spells:

 Your Spells              Type           Power      Damage    Failure   Level
a - Statue Form           Tmut/Erth      24%        N/A       69%         6

Your spell library contained the following spells:

 Spells                   Type           Power      Damage    Failure   Level
 Petrify                  Tmut/Erth      36%        N/A       6%          4
 Leda's Liquefaction      Hex/Erth       9%         N/A       47%         4
 Shock                    Conj/Air       4%         1d3       50%         1
 Ensorcelled Hibernation  Hex/Ice        2%         N/A       63%         2
 Static Discharge         Conj/Air       1%         N/A       63%         2
 Sublimation of Blood     Necr           0%         N/A       63%         2
 Call Canine Familiar     Summ           1%         N/A       86%         3
 Portal Projectile        Hex/Tloc       2%         N/A       86%         3
 Tukima's Dance           Hex            1%         N/A       86%         3
 Irradiate                Conj/Tmut      9%         3d16      88%         5
 Airstrike                Air            0%         N/A       99%         4
 Animate Dead             Necr           0%         N/A       99%         4
 Dispel Undead            Necr           1%         3d6       99%         4
 Sticky Flame             Conj/Fire      1%         2d3       99%         4
 Summon Lightning Spire   Summ/Air       1%         N/A       99%         4
 Lightning Bolt           Conj/Air       0%         1d11      100%        5
 Manifold Assault         Tloc           1%         N/A       100%        5
 Metabolic Englaciation   Hex/Ice        0%         N/A       100%        5
 Haunt                    Necr/Summ      0%         N/A       100%        7
 Storm Form               Tmut/Air       9%         N/A       100%        7
 Infestation              Necr           0%         N/A       100%        8
 Blink                    Tloc           Unusable   N/A       N/A         2
 Swiftness                Air            Unusable   N/A       N/A         3

Dungeon Overview and Level Annotations

Branches:
Dungeon (11/15)            Temple (0/1) D:5            Lair (3/6) D:10
  Swamp (0/4) Lair:3        Snake (0/4) Lair:3          Orc (0/2) D:11
  Sewer (visited)         Ossuary (visited)         Volcano (visited)

Altars:
Cheibriados
Fedhas
Makhleb
Okawaru
Sif Muna
Trog
Uskayaw
Xom
Yredelemnul
Beogh

Portals:
Trove: D:10 (give 5 scrolls of fear)

Annotations:
Abyss:1 Harold


Innate Abilities, Weirdness & Mutations

You cannot be hasted, slowed, berserked, paralysed or teleported.
You can dig through walls and to a lower floor.
You have a pair of large antennae on your head. (SInv)
Your four strong arms can wield two-handed weapons with a shield.
You have large cloven feet.
Your body sometimes deteriorates upon taking damage.
You are robust. (+10% HP)
Your muscles are strong. (Str +2)


Message History

Your body deteriorates!
You feel clumsy.
You feel drained. The blink frog hits you!
* * * LOW HITPOINT WARNING * * *
You barely miss the blink frog. The hell rat bites you.
* * * LOW HITPOINT WARNING * * *
You feel drained.
* * * LOW HITPOINT WARNING * * *
The blink frog blinks!
You block the hell rat's attack.
Okay, then.
Okay, then.
You extend your mandibles.
You dig through the rock wall.
The hell rat barely misses you. You block the hell rat's attack.
You retract your mandibles.
You closely miss the hell rat. The hell rat bites you!
* * * LOW HITPOINT WARNING * * *
Your body deteriorates!
You feel clumsy.
You block the hell rat's attack. x2; The hell rat barely misses you.
You fade into invisibility!
You block the blink frog's attack. The hell rat barely misses you. x2
You are very lightly contaminated with residual magic.
You feel better.
The blink frog blinks!
You block the hell rat's attack. x2
You feel better. You block the cane toad's attack.
The hell rat closely misses you. You block the hell rat's attack.
The blink frog closely misses you.
You can no longer pass through a line of other dancers.
You slash the cane toad! You burn the cane toad.
The cane toad is severely wounded.
You block the blink frog's attack. The cane toad completely misses you.
You block the blink frog's attack. You block the hell rat's attack.
The hell rat bites you.
* * * LOW HITPOINT WARNING * * *
The blink frog closely misses you. The cane toad stings you!
* * * LOW HITPOINT WARNING * * *
The hell rat bites you.
* * * LOW HITPOINT WARNING * * *
You feel drained.
The hell rat bites you but does no damage.
The blink frog hits you!
You die...

## ## ###### #### ..
##.###.#####.P..#####P..
...##..............P#.##....
...P.......................
...PP.....F.........<......
..................#...#..#.
..........##{..#...#####.....
.... #...#rr####....## ##....
.....#....##@F.......# ##..#
r..........rFF.......# ..##
..........<..........# #.P.
(....≈≈≈≈≈...........P# ...
.....≈###≈.............. ...
.....≈ #≈≈...........[.. ....
.....≈#≈≈≈............##.....
.....≈≈≈≈≈............# P....
...............≈≈≈...P###....


You could see a cane toad, 2 blink frogs and 3 hell rats.

Vanquished Creatures
  A stone giant (Volcano)
  3 hydras
  A centaur warrior (D:9)
  A death knight (D:11)
  4 two-headed ogres
  A black mamba (Lair:2)
  A gargoyle (Volcano)
  Maggie (D:9)
  2 molten gargoyles (Volcano)
  3 cane toads
  A rime drake (Lair:3)
  Psyche (D:8)
  An efreet (Volcano)
  A komodo dragon (Lair:2)
  A troll (D:10)
  A shadow (D:10)
  2 wraiths
  12 yaks
  A wyvern (D:10)
  A basilisk (Lair:2)
  6 fire bats (Volcano)
  2 fire elementals (Volcano)
  A steam dragon (D:6)
  2 acid dragons
  7 nagas (Lair:3)
  4 water moccasins
  7 orc warriors
  3 ice beasts
  A sky beast (D:8)
  A black bear (D:6)
  A necrophage (D:7)
  3 ogres
  6 centaurs
  7 wolves
  A phantom (D:6)
  A kobold brigand (D:10)
  3 elf zombies (Ossuary)
  12 bullfrogs
  2 scorpions
  An earth elemental (Volcano)
  A wyvern skeleton (D:6)
  A water moccasin skeleton (D:6)
  A hornet simulacrum (D:8)
  4 killer bees
  2 wights (D:10)
  6 howler monkeys
  3 jellies
  An electric eel (Lair:3)
  4 centaur zombies
  3 hounds (D:6)
  A bullfrog zombie (D:6)
  6 lava snakes (Volcano)
  A human zombie (Ossuary)
  14 orc priests
  A bullfrog skeleton (D:6)
  2 iguanas
  5 orc wizards
  A hell rat (Lair:3)
  A killer bee zombie (D:5)
  2 mummies (Ossuary)
  2 hound skeletons (D:5)
  A killer bee simulacrum (D:8)
  A howler monkey skeleton (D:6)
  A howler monkey zombie (D:7)
  7 adders
  2 river rats (Sewer)
  A shadow imp (D:8)
  2 white imps (D:6)
  3 ufetubi
  An adder zombie (Ossuary)
  A worm (D:5)
  4 dart slugs
  46 orcs
  8 bats
  5 endoplasms
  6 giant cockroaches
  10 hobgoblins
  10 jackals
  8 kobolds
  2 quokkas
  7 ball pythons
  8 frilled lizards
  9 goblins
  A goblin zombie (Ossuary)
  6 hobgoblin zombies (Ossuary)
  3 jackal zombies (Ossuary)
  10 kobold zombies (Ossuary)
  9 orc zombies (Ossuary)
  6 rats
351 creatures vanquished.

Vanquished Creatures (collateral kills)
  Joseph (D:9)
  An acid dragon (D:9)
  A centaur (D:9)
  A howler monkey zombie (D:9)
  A ball python (Sewer)
5 creatures vanquished.

Vanquished Creatures (others)
  A wizard (D:6)
  A jelly (D:6)
  3 fungi
  4 plants
9 creatures vanquished.

Grand Total: 365 creatures vanquished

Notes
Turn   | Place    | Note
-------+----------+-------------------------------------------
     0 | D:1      | freelancePsychic the Formicid Hunter began the quest for
                  | the Orb.
     0 | D:1      | Reached XP level 1. HP: 16/16 MP: 1/1
    49 | D:1      | Reached XP level 2. HP: 23/23 MP: 2/2
   475 | D:1      | Reached XP level 3. HP: 29/29 MP: 3/3
   718 | D:1      | Reached skill level 5 in Slings
  1187 | D:2      | Reached XP level 4. HP: 35/35 MP: 4/4
  1747 | D:3      | Found a hide-covered altar of Uskayaw.
  1750 | D:3      | Found a blossoming altar of Fedhas.
  1768 | D:3      | Became a worshipper of Uskayaw the Reveller
  1839 | D:3      | Reached * piety under Uskayaw
  2353 | D:3      | Found a large runed translucent door.
  2353 | D:3      | Found a large runed translucent door.
  2540 | D:3      | Found a snail-covered altar of Cheibriados.
  2543 | D:3      | Found a shimmering blue altar of Sif Muna.
  2609 | D:4      | Reached ** piety under Uskayaw
  2615 | D:4      | Reached *** piety under Uskayaw
  2616 | D:4      | Reached **** piety under Uskayaw
  2617 | D:4      | Reached skill level 1 in Invocations
  2617 | D:4      | Reached XP level 5. HP: 35/42 MP: 5/5
  2907 | D:3      | Reached skill level 1 in Axes
  3115 | D:4      | Noticed a phantom
  3136 | D:4      | Banished a phantom
  3137 | D:4      | Reached XP level 6. HP: 24/49 MP: 7/7
  3790 | D:5      | Entered Level 5 of the Dungeon
  3812 | D:5      | Noticed a water moccasin
  3822 | D:5      | Killed a water moccasin
  3832 | D:5      | Reached XP level 7. HP: 40/55 MP: 9/9
  3851 | D:5      | Found a glowing drain.
  3867 | Sewer    | Entered a sewer
  4254 | D:5      | Found a staircase to the Ecumenical Temple.
  4259 | D:5      | Reached skill level 5 in Fighting
  4552 | D:5      | Reached XP level 8. HP: 55/63 MP: 9/11
  4774 | D:5      | Reached skill level 5 in Axes
  4929 | D:6      | Found a basalt altar of Yredelemnul.
  5061 | D:6      | Found a bloodstained altar of Trog.
  5229 | D:6      | Reached skill level 5 in Invocations
  5440 | D:6      | Reached XP level 9. HP: 51/71 MP: 11/13
  5503 | D:6      | Reached skill level 1 in Shields
  5697 | D:6      | Noticed a wizard
  5700 | D:6      | Killed a wizard
  5740 | D:6      | Found a burning altar of Makhleb.
  5815 | D:7      | Gained mutation: You are robust. (+10% HP) [potion of
                  | mutation]
  5815 | D:7      | Gained mutation: Your muscles are strong. (Str +2) [potion
                  | of mutation]
  5815 | D:7      | Gained mutation: Your body sometimes deteriorates upon
                  | taking damage. [potion of mutation]
  5815 | D:7      | Gained mutation: You have large cloven feet. [potion of
                  | mutation]
  5872 | D:7      | You fall into a shaft and drop 2 floors!
  5895 | D:9      | Noticed Joseph
  5905 | D:9      | Noticed Maggie
  5910 | D:9      | Killed Joseph
  5916 | D:9      | Killed Maggie
  5917 | D:9      | Reached skill level 5 in Shields
  5917 | D:9      | Reached XP level 10. HP: 36/84 MP: 14/14
  6050 | D:8      | Reached skill level 10 in Axes
  6266 | D:7      | Found a sand-covered staircase.
  6273 | Ossuary  | Entered an ossuary
  6706 | D:8      | Noticed Psyche
  6718 | D:8      | Killed Psyche
  6963 | D:8      | Noticed a two-headed ogre
  6969 | D:8      | Killed a two-headed ogre
  7016 | D:8      | Found an iron altar of Okawaru.
  7670 | D:10     | Entered Level 10 of the Dungeon
  7692 | D:10     | Reached skill level 1 in Evocations
  7913 | D:9      | Noticed a two-headed ogre
  7919 | D:9      | Killed a two-headed ogre
  7920 | D:9      | Reached XP level 11. HP: 30/91 MP: 15/15
  8128 | D:9      | Noticed a centaur warrior
  8147 | D:9      | Killed a centaur warrior
  8489 | D:9      | Reached skill level 1 in Transmutations
  8489 | D:9      | Reached skill level 1 in Earth Magic
  8579 | D:10     | Noticed Harold
  8589 | D:10     | Banished Harold
  8698 | D:10     | Reached ***** piety under Uskayaw
  8714 | D:10     | Found a portal to a secret trove of treasure.
  8939 | D:10     | Identified the +6 falchion of Maqodaloa {flame, rPois MP+9}
  9086 | D:10     | Found a staircase to the Lair.
  9358 | D:10     | Reached skill level 5 in Earth Magic
  9594 | D:11     | Found a shimmering altar of Xom.
  9603 | D:11     | Found a shimmering altar of Xom.
  9628 | D:11     | Found a shimmering altar of Xom.
  9628 | D:11     | Found a shimmering altar of Xom.
  9629 | D:11     | Found a shimmering altar of Xom.
  9645 | D:11     | Noticed a two-headed ogre
  9672 | D:11     | Killed a two-headed ogre
  9673 | D:11     | Reached skill level 5 in Transmutations
  9696 | D:11     | Reached XP level 12. HP: 77/97 MP: 16/16
  9744 | D:11     | Learned a level 6 spell: Statue Form
  9916 | D:11     | Noticed a two-headed ogre
  9929 | D:11     | Killed a two-headed ogre
 10004 | D:11     | Noticed a death knight
 10018 | D:11     | Killed a death knight
 10123 | D:11     | Found a staircase to the Orcish Mines.
 10394 | Lair:1   | Entered Level 1 of the Lair of Beasts
 10397 | Lair:1   | Found a dark tunnel.
 10407 | Volcano  | Entered a volcano
 10571 | Volcano  | Found a bloodstained altar of Trog.
 10606 | Volcano  | Noticed a stone giant
 10609 | Volcano  | HP: 1/97 [stone giant/large rock (45)]
 10638 | Volcano  | Killed a stone giant
 10921 | Lair:1   | Noticed a boulder beetle
 10921 | Lair:1   | Noticed a seven-headed hydra
 10923 | Lair:1   | Noticed a six-headed hydra
 10928 | Lair:1   | You fall into a shaft and drop 1 floor!
 10969 | Lair:2   | Reached skill level 1 in Polearms
 11274 | Lair:2   | Noticed a four-headed hydra
 11285 | Lair:2   | Killed a one-headed hydra
 11286 | Lair:2   | Reached skill level 10 in Earth Magic
 11289 | Lair:2   | Reached XP level 13. HP: 59/104 MP: 17/17
 11564 | Lair:2   | Found the -2 hat of the Alchemist {rElec rPois rF+ rC+ rN+
                  | Will+ rMut rCorr}
 11891 | Lair:3   | Identified a scroll of acquirement
 11892 | Lair:3   | Acquired the +4 kite shield "Jyoj" {rPois Int+7}
 11923 | Lair:3   | Found a staircase to the Swamp.
 11939 | Lair:3   | Noticed a four-headed hydra
 11946 | Lair:3   | Killed a one-headed hydra
 12108 | Lair:3   | Reached skill level 10 in Transmutations
 12111 | Lair:3   | Reached ****** piety under Uskayaw
 12184 | Lair:3   | Found a staircase to the Snake Pit.
 12315 | Lair:3   | Noticed a seven-headed hydra
 12323 | Lair:3   | Killed a four-headed hydra
 12324 | Lair:3   | Reached skill level 1 in Spellcasting
 12399 | Lair:3   | Slain by a blink frog

Illustrated notes

Levels and vault maps discovered:
D:1:      sevenhm_arrival_forest_fort_large_4, layout_loops_ring,
          minmay_distorted
D:2:      layout_basic
D:3:      layout_basic, jmf_multi_god_temple2,
          chequers_temple_overflow_statue_of_worship
D:4:      layout_rooms
D:5:      layout_gridville, minmay_temple_entry_proselytizer,
          cheibrodos_sewer_entry_sluice
D:6:      layout_gridville, makhleb_heckhound_becter,
          mainiacjoe_overflow_surrounded_room, trog_wizard,
          hangedman_decor_riveting, minmay_quadrilaterals
D:7:      layout_basic, nicolae_ossuary_entry_monument
D:8:      layout_layer_cave, lemuel_round_altar, serial_ice, serial_ice_b,
          serial_ice_a, serial_ice_m, serial_ice_f, minivault_22, uniq_psyche
D:9:      layout_long_grid, uniq_joseph, uniq_maggie
D:10:     layout_irregular_city, lair_entry_dummy, nicolae_trove_entry_isolated,
          minmay_puff, uniq_harold
D:11:     layout_irregular_city, david_orc_5, xom_redecorated
Lair:1:   layout_gridlike, nicolae_volcano_entry_lava_flow,
          hangedman_lair_generics_rect
Lair:2:   layout_chaotic_city
Lair:3:   layout_gridlike, swamp_mist, minmay_snake_entry_guardpost_large,
          st_stairs_7

Skill      XL: |  1  2  3  4  5  6  7  8  9 10 11 12 13 |
---------------+----------------------------------------+-----
Fighting       | 3 4 5 6 |  6.6
Slings         | 5 |  5.2
Invocations    | 1 2 4 5 |  5.7
Axes           | 2 3 4 6 9 11 | 11.8
Shields        | 5 8 9 |  9.0
Evocations     | 2 3 |  3.9
Transmutations | 5 9 10 | 10.3
Earth Magic    | 6 10 11 | 11.2
Polearms       | 2 3 |  3.4
Spellcasting   | 1 |  1.8
Armour         | |  0.5
Dodging        | |  1.7
Stealth        | |  1.2

Action                   |  1- 3 |  4- 6 |  7- 9 | 10-12 | 13-15 || total
-------------------------+-------+-------+-------+-------+-------++-------
Melee: War axe           |       |    97 |   219 |   397 |       ||   713
       Kick              |       |       |    11 |    49 |       ||    60
       Bardiche          |       |       |       |    58 |    87 ||   145
 Fire: Hunting sling     |   106 |    41 |       |       |       ||   147
Throw: Stone             |       |       |     2 |       |       ||     2
 Abil: Dig               |       |       |     1 |       |     2 ||     3
       Shaft Self        |       |       |       |     1 |       ||     1
Evoke: Wand              |       |       |       |    20 |     2 ||    22
  Use: Scroll            |     4 |     4 |     5 |    10 |     3 ||    26
       Potion            |       |     1 |     2 |     8 |     4 ||    15
 Stab: Paralysed         |       |     4 |     7 |    24 |     8 ||    43
       Invisible         |       |       |     1 |       |       ||     1
Armor: Leather armour    |    10 |     4 |       |       |       ||    14
       Scale mail        |       |    39 |    82 |   144 |    20 ||   285
Dodge: Dodged            |    22 |    85 |   111 |   154 |    45 ||   417
Block: Kite shield       |       |       |    31 |   202 |    80 ||   313

Table legend: (Time is in decaauts)
 A = Elapsed time spent in this place.
 B = Non-inter-level travel time spent in this place.
 C = Inter-level travel time spent in this place.
 D = Time resting spent in this place.
 E = Time spent auto-exploring this place.
 F = Levels seen in this place.
 G = Mean time per level.
                   A        B        C        D        E       F      G
               +--------+--------+--------+--------+--------+-----+--------+
         Total |  12624 |  12313 |    311 |    451 |   8608 |  17 |  742.6 |
       Dungeon |   9898 |   9612 |    286 |    357 |   6978 |  11 |  899.8 |
          Lair |   1734 |   1710 |     24 |     70 |   1170 |   3 |  578.0 |
         Sewer |    439 |    439 |      0 |      0 |    256 |   1 |  439.0 |
       Ossuary |    217 |    217 |      0 |      0 |     90 |   1 |  217.0 |
       Volcano |    335 |    335 |      0 |     24 |    114 |   1 |  335.0 |
               +--------+--------+--------+--------+--------+-----+--------+

Top non-repeatable levels by time:
     D:3: 1194 daAuts
     D:8: 1132 daAuts
  Lair:2: 973 daAuts
     D:1: 964 daAuts
    D:10: 952 daAuts
     D:9: 945 daAuts
     D:6: 915 daAuts
     D:4: 912 daAuts
    D:11: 910 daAuts
     D:5: 780 daAuts
     D:2: 748 daAuts
  Lair:3: 564 daAuts
     D:7: 440 daAuts
   Sewer: 439 daAuts
 Volcano: 335 daAuts
